 Dungeon Crawl Stone Soup version 0.28-a0-239-g68911e0c57 (webtiles) character file.

Game seed: 4175122889988946983

3921 Rennog the Cleaver (level 10, -10/97 (102) HPs)
             Began as a Deep Dwarf Monk on Aug 23, 2021.
             Was an Elder of Makhleb.
             Mangled by a two-headed ogre (26 damage)
             ... on level 8 of the Dungeon.
             The game lasted 00:25:27 (6690 turns).

Rennog the Cleaver (Deep Dwarf Monk)                Turns: 6690, Time: 00:25:28

HP:   -10/97 (102)  AC: 13    Str: 18    XL:     10   Next: 1%
MP:   5/5           EV:  9    Int: 11    God:    Makhleb [****..]
Gold: 300           SH:  7    Dex: 15    Spells: 9/9 levels left

rFire   . . .      SeeInvis .   a - +0 hand axe
rCold   + . .      Faith    .   M - +0 kite shield
rNeg    . . .      Spirit   .   j - +0 scale mail
rPois   +          Reflect  .   d - +1 hat
rElec   .          Harm     .   N - +1 cloak
rCorr   .          Rampage  .   r - +0 pair of gloves
Will    +....                   K - +0 pair of boots
Stlth   +.........              E - amulet of the acrobat
HPRegen 0.00/turn               p - ring of poison resistance
MPRegen 0.09/turn               o - ring of protection from cold

@: studying Fighting, lightly drained
A: damage resistance, heal wounds, sense surroundings 2, no regeneration
a: Heal Wounds, Renounce Religion, Minor Destruction, Lesser Servant of Makhleb,
Major Destruction


You were on level 8 of the Dungeon.
You worshipped Makhleb.
Makhleb was greatly pleased with you.
You visited 2 branches of the dungeon, and saw 9 of its levels.
You also visited: Sewer and Ossuary.

You collected 336 gold pieces.
You spent 36 gold pieces at shops.

Inventory:

Hand Weapons
 a - a +0 hand axe (weapon)
Missiles
 k - a throwing net
Armour
 b - a +0 robe
 d - a +1 hat (worn)
 j - a +0 scale mail (worn)
 r - a +0 pair of gloves (worn)
 t - a +0 crystal plate armour
 K - a +0 pair of boots (worn)
 M - a +0 kite shield (worn)
 N - a +1 cloak (worn)
Jewellery
 o - a ring of protection from cold (right hand)
 p - a ring of poison resistance (left hand)
 E - an amulet of the acrobat (around neck)
Wands
 i - a wand of mindburst (9) (quivered)
 B - a wand of polymorph (9)
 F - a wand of flame (25)
Scrolls
 e - 2 scrolls of summoning
 f - 2 scrolls of immolation {unknown}
 h - 4 scrolls of brand weapon
 l - 3 scrolls of noise {unknown}
 m - 3 scrolls of magic mapping
 s - a scroll of fog {unknown}
 u - 4 scrolls of identify
 v - a scroll of teleportation
 w - 2 scrolls of fear {unknown}
 y - a scroll of enchant armour {unknown}
 H - a scroll of amnesia {unknown}
 I - 2 scrolls of blinking {unknown}
Potions
 c - 2 potions of heal wounds {unknown}
 g - 8 potions of curing
 n - 2 potions of flight {unknown}
 q - 3 potions of invisibility {unknown}
 x - 2 potions of might
 z - 2 potions of mutation {unknown}
 A - a potion of degeneration {unknown}
 C - a potion of haste
 D - a potion of lignification {unknown}
 J - 2 potions of magic {unknown}
 L - 2 potions of berserk rage {unknown}


   Skills:
 + Level 10.2 Fighting
 + Level 11.3 Axes
 - Level 4.9 Armour
 - Level 6.1 Dodging
 - Level 2.4 Stealth


You had 9 spell levels left.
You didn't know any spells.
Your spell library contained the following spells:

 Spells                   Type           Power      Damage    Failure   Level
 Gell's Gravitas          Tloc           0%         N/A       100%        3
 Teleport Other           Tloc           0%         N/A       100%        3
 Dispersal                Tloc           0%         N/A       100%        6


Dungeon Overview and Level Annotations

Branches:
Dungeon (8/15)             Temple (1/1) D:4           Sewer (visited)
Ossuary (visited)
   Lair: D:8-11

Altars:
Makhleb
Zin

Shops:
D:1 !

Portals:
Abyss: D:3

Annotations:
D:3 2 transporters, Combatereak's ghost, amateur PaFi
D:6 Prince Ribbit


Innate Abilities, Weirdness & Mutations

You are resistant to damage.
You can heal yourself by infusing magical energy.
You passively map the area around you.
You do not regenerate.


Message History

You start waiting.
You feel your anger nearly subside.
You are no longer berserk.
You are exhausted.
You feel yourself slow down.
You start waiting.
You are no longer poisoned.
You start removing your armour.
You continue taking off your +0 cloak. x4
You finish taking off your +0 cloak.
You start putting on your armour.
You continue putting on your +1 cloak. x5
You finish putting on your +1 cloak.
You drop a +0 cloak.
You feel yourself speed up.
You recover from your berserk rage.
Things that are here:
a +0 ring mail; a +0 mace
There is a stone staircase leading up here.
You climb upwards.
Level annotation: Prince Ribbit
There is a stone staircase leading down here.
You see here a +0 scale mail.
You now have 300 gold pieces (gained 9).
Key pressed, stopping explore.
Items here: ( )))))).
Found 14 stones.
Found a stone staircase leading up.
You see here 14 stones.
Done exploring.
Done exploring.
Done exploring.
There is a stone staircase leading down here.
You climb downwards.
There is a stone staircase leading up here.
There is a stone staircase leading down here.
There is a stone staircase leading down, spattered with blood here.
You climb downwards.
The two-headed ogre closely misses you.
The two-headed ogre hits you with a +0 giant spiked club!
* * * LOW HITPOINT WARNING * * *
There is a stone staircase leading up, spattered with blood here.
The two-headed ogre hits you with a +0 giant club!!
You die...

, #..# #... #..# #..#
* ##..###O.# *
,**#........#
..#.......# *
#O####### #.#
########## #.#
#.....@9.## #.#
#....O....# ##O## *
#......#..# ##...## ,
#.....###.###...<.###
#....## ##..........#
###.#.###.#####.#####
, #.##.#.## #.#**,
#.###.## ### #5# ###


8 You could see a two-headed ogre and a gargoyle.

Vanquished Creatures
  Pikel (D:8)
  Maggie (D:7)
  Grinder (D:6)
  A wyvern (D:7)
  Menkaure (D:7)
  A steam dragon (D:8)
  Duvessa (D:7)
  2 black bears (D:4)
  Purgy (D:4)
  4 sky beasts
  2 ice beasts
  A necrophage (D:8)
  A phantom (D:4)
  A kobold brigand (D:6)
  Blork the orc (D:4)
  3 bullfrogs
  2 scorpions
  Dowan (D:7)
  2 water moccasin skeletons
  An orc priest (D:5)
  3 centaur zombies
  2 hounds
  A jelly (D:8)
  Crazy Yiuf (D:7)
  2 gnoll shamans
  A human zombie (Ossuary)
  Jessica (D:3)
  Ijyb (D:3)
  3 iguanas
  2 orc wizards
  3 killer bee zombies (D:7)
  3 mummies
  A howler monkey zombie (D:7)
  7 adders
  8 gnolls
  2 worms
  A dart slug (D:3)
  12 orcs
  13 ball pythons
  11 endoplasms
  19 giant cockroaches
  5 goblins
  4 hobgoblins
  8 jackals
  6 quokkas
  6 bats
  3 frilled lizards
  A goblin zombie (Ossuary)
  13 hobgoblin zombies (Ossuary)
  2 jackal zombies (Ossuary)
  18 kobolds
  11 kobold zombies (Ossuary)
  9 orc zombies
  11 rats
223 creatures vanquished.

Vanquished Creatures (collateral kills)
  A jelly (D:6)
  An orc (D:6)
  2 kobolds (D:6)
4 creatures vanquished.

Grand Total: 227 creatures vanquished

Notes
Turn   | Place    | Note
-------+----------+-------------------------------------------
     0 | D:1      | Rennog the Deep Dwarf Monk began the quest for the Orb.
     0 | D:1      | Reached XP level 1. HP: 20/20 MP: 1/1
    66 | D:1      | Reached XP level 2. HP: 22/28 MP: 2/2
   309 | D:1      | Found a faded altar of an unknown god.
   384 | D:1      | Reached XP level 3. HP: 13/36 MP: 3/3
   415 | D:1      | Found Quenaf's Distillery.
   423 | D:1      | Bought a potion of curing for 36 gold pieces
   678 | D:2      | Reached skill level 4 in Axes
   728 | D:2      | Reached XP level 4. HP: 29/44 MP: 3/3
  1535 | D:3      | Noticed Ijyb
  1651 | D:3      | Reached skill level 5 in Axes
  1654 | D:3      | Found a transporter.
  1664 | D:3      | Noticed a small abomination
  1726 | D:3      | Paralysed by Ijyb for 5 turns
  1779 | D:3      | Killed Ijyb
  1780 | D:3      | Reached XP level 5. HP: 31/50 MP: 3/3
  1799 | D:3      | Noticed Jessica
  1814 | D:3      | Killed Jessica
  1863 | D:3      | Reached skill level 6 in Axes
  1991 | D:3      | Found a transporter.
  2017 | D:3      | Found a one-way gate to the infinite horrors of the Abyss.
  2017 | D:3      | Noticed Combatereak's ghost (amateur PaFi)
  2087 | D:3      | Found a burning altar of Makhleb.
  2127 | D:3      | Found a glowing silver altar of Zin.
  2127 | D:3      | Noticed a balrug
  2127 | D:3      | Noticed an angel
  2130 | D:3      | Became a worshipper of Makhleb the Destroyer
  2130 | D:3      | Reached * piety under Makhleb
  2130 | D:3      | Reached ** piety under Makhleb
  2424 | D:4      | Found a glowing drain.
  2440 | Sewer    | Entered a sewer
  2562 | Sewer    | Noticed Purgy
  2569 | D:4      | Noticed Blork the orc
  2577 | D:4      | Found a staircase to the Ecumenical Temple.
  2628 | D:4      | Reached skill level 1 in Armour
  2657 | D:4      | Reached XP level 6. HP: 21/57 MP: 3/3
  2720 | D:5      | Entered Level 5 of the Dungeon
  2738 | D:5      | Noticed an ice beast
  2754 | D:5      | Killed an ice beast
  2861 | D:5      | Noticed a sky beast
  2909 | D:5      | Noticed a two-headed ogre
  2960 | D:6      | Killed a sky beast
  2961 | D:6      | Reached skill level 5 in Dodging
  2961 | D:6      | Reached XP level 7. HP: 14/64 MP: 4/4
  2979 | D:6      | Noticed Grinder
  3123 | D:6      | Killed Grinder
  3295 | D:5      | Reached *** piety under Makhleb
  3464 | D:4      | Reached skill level 7 in Axes
  3464 | D:4      | Reached XP level 8. HP: 46/72 MP: 5/5
  3505 | D:4      | Killed Blork the orc
  3659 | D:4      | Reached skill level 8 in Axes
  3902 | D:4      | Killed Purgy
  3930 | D:4      | Reached skill level 5 in Fighting
  4214 | Temple   | Entered the Ecumenical Temple
  4349 | D:5      | Reached skill level 9 in Axes
  4689 | D:6      | Noticed Prince Ribbit
  4836 | D:6      | Gained mutation: You passively map the area around you.
                  | [Deep Dwarf growth]
  4836 | D:6      | Reached XP level 9. HP: 51/85 MP: 6/6
  4882 | D:7      | Noticed Dowan
  4883 | D:7      | Noticed Duvessa
  4923 | D:7      | Killed Duvessa
  4933 | D:7      | Killed Dowan
  5121 | D:7      | Noticed Menkaure
  5165 | D:7      | Killed Menkaure
  5166 | D:7      | Reached skill level 10 in Axes
  5172 | D:7      | Noticed Maggie
  5236 | D:8      | Noticed Pikel
  5293 | D:8      | Killed Pikel
  5359 | D:8      | Found a sand-covered staircase.
  5378 | Ossuary  | Entered an ossuary
  5429 | Ossuary  | Reached **** piety under Makhleb
  5749 | D:8      | Reached skill level 11 in Axes
  5752 | D:8      | Noticed a gargoyle
  5752 | D:8      | Noticed a two-headed ogre
  5822 | D:7      | Reached skill level 10 in Fighting
  6063 | D:7      | Killed Maggie
  6064 | D:7      | Reached XP level 10. HP: 41/98 MP: 5/5
  6183 | D:7      | Found a runed translucent door.
  6184 | D:7      | Noticed Crazy Yiuf
  6351 | D:7      | Killed Crazy Yiuf
  6690 | D:8      | Mangled by a two-headed ogre

Illustrated notes

Levels and vault maps discovered:
D:1:      scummos_arrival_forest, layout_rooms, serial_shops, shop,
          dreamdust_ecumenical_altar_grove
D:2:      minmay_roachtagon, layout_basic, minmay_hexomino_f4
D:3:      layout_loops_ring, grunt_temple_overflow_order_and_chaos_2,
          gammafunk_ghost_abyssal_escape, uniq_jessica, uniq_ijyb
D:4:      layout_basic, minmay_temple_entry_sparse_star,
          cheibrodos_sewer_entry_drain, minmay_manual_macuahuitl,
          uniq_blork_the_orc
D:5:      layout_basic, serial_glass, glass_columns_b, glass_columns_b
D:6:      layout_rooms, minmay_hedge_maze, grunt_decor_cap, uniq_prince_ribbit1,
          uniq_grinder
D:7:      layout_loops_ring, uniq_crazy_yiuf_cottage, uniq_maggie, uniq_duvessa,
          uniq_menkaure
D:8:      layout_loops_corners, minmay_overflow_temple_star_quad,
          nicolae_ossuary_entry_giza, serial_shops, nicolae_shop_behind_doors,
          fountainhead, minmay_chambers_of_fives, uniq_pikel
Temple:   regret_index_temple_generic_petals

Skill      XL: |  1  2  3  4  5  6  7  8  9 |
---------------+----------------------------+-----
Fighting       | 3 4 6 10 | 10.2
Axes           | 4 5 6 7 9 11 | 11.3
Armour         | 1 3 4 |  4.9
Dodging        | 5 6 |  6.1
Stealth        | |  2.4

Action                   |  1- 3 |  4- 6 |  7- 9 | 10-12 || total
-------------------------+-------+-------+-------+-------++-------
Melee: Hand axe          |   175 |   405 |   691 |    12 ||  1283
 Abil: Heal Wounds       |     1 |     8 |    21 |       ||    30
Evoke: Wand              |       |     7 |    10 |       ||    17
  Use: Scroll            |       |     1 |     5 |       ||     6
       Potion            |       |       |     1 |       ||     1
 Stab: Sleeping          |     2 |       |       |       ||     2
       Distracted        |     1 |       |       |       ||     1
Armor: Robe              |    41 |       |       |       ||    41
       Scale mail        |     5 |   159 |   291 |     1 ||   456
Dodge: Dodged            |   125 |   190 |   422 |     3 ||   740
Block: Kite shield       |       |       |     3 |     1 ||     4

Table legend: (Time is in decaauts)
 A = Elapsed time spent in this place.
 B = Non-inter-level travel time spent in this place.
 C = Inter-level travel time spent in this place.
 D = Time resting spent in this place.
 E = Time spent auto-exploring this place.
 F = Levels seen in this place.
 G = Mean time per level.
                   A        B        C        D        E       F      G
               +--------+--------+--------+--------+--------+-----+--------+
         Total |   6651 |   5859 |    792 |      1 |   3312 |  11 |  604.6 |
       Dungeon |   6305 |   5513 |    792 |      1 |   3157 |   8 |  788.1 |
        Temple |      1 |      1 |      0 |      0 |      0 |   1 |    1.0 |
         Sewer |    129 |    129 |      0 |      0 |     65 |   1 |  129.0 |
       Ossuary |    214 |    214 |      0 |      0 |     90 |   1 |  214.0 |
               +--------+--------+--------+--------+--------+-----+--------+

Top non-repeatable levels by time:
     D:7: 1034 daAuts
     D:2: 1029 daAuts
     D:3: 933 daAuts
     D:4: 885 daAuts
     D:5: 845 daAuts
     D:6: 659 daAuts
     D:1: 569 daAuts
     D:8: 348 daAuts
 Ossuary: 214 daAuts
   Sewer: 129 daAuts
  Temple: 1 daAuts
